 Dungeon Crawl Stone Soup version 0.29.1-13-g9f3cf754e1 (webtiles) character file.

Game seed: 17512265259818724575

231 cheesebisquit the Shooter (level 5, 0/69 HPs)
             Began as a Minotaur Hunter on Jan 25, 2023.
             Succumbed to a water moccasin's poison
             ... on level 5 of the Dungeon.
             The game lasted 00:17:20 (3709 turns).

cheesebisquit the Shooter (Minotaur Hunter)         Turns: 3709, Time: 00:17:21

Health: 0/69       AC: 22    Str: 16    XL:     5   Next: 72%
Magic:  4/4        EV:  2    Int:  6    God:
Gold:   215        SH:  0    Dex: 15    Spells: 4/4 levels left

rFire   . . .      SeeInvis +   (no weapon)
rCold   . . .      Faith    .   (no shield)
rNeg    . . .      Spirit   .   (body armour currently unavailable)
rPois   +          Reflect  .   (helmet currently unavailable)
rElec   .          Harm     .   (cloak currently unavailable)
rCorr   .          Rampage  .   (gloves currently unavailable)
Will    .....      NoTele   +   (boots currently unavailable)
Stlth   ++........              (no amulet)
HPRegen 0.21/turn               c - ring of see invisible
MPRegen 0.09/turn               (no ring)

@: lethally poisoned (0 -> -12), tree-form
A: stationary, stasis, torment immunity, boosted hp, (horns 2), (retaliatory
headbutt)
a: no special abilities


You were on level 5 of the Dungeon.
You were a tree.
You visited 1 branch of the dungeon, and saw 5 of its levels.

You collected 215 gold pieces.

Inventory:

Hand Weapons
 a - a +0 arbalest
 b - the +10 quarterstaff "Tormentor" {drain, rC+ Str+4 SInv Stlth+}
   (You found it on level 3 of the Dungeon)

   A truly terrible weapon, it drains the life of any living foe it strikes.
   Str:       It affects your strength (+4).
   rC:        It protects you from cold.
   SInv:      It lets you see invisible.
   Stlth:     It makes you more stealthy.
Missiles
 r - 12 poisoned darts
Armour
 i - a +0 pair of boots (melded)
 l - a +2 robe of willpower (melded)
 s - a +0 ring mail
Jewellery
 c - a ring of see invisible (left branch)
Scrolls
 e - a scroll of magic mapping {unknown}
 f - a scroll of amnesia {unknown}
 g - a scroll of enchant armour {unknown}
 h - 3 scrolls of teleportation
 m - a scroll of torment {unknown}
 n - a scroll of fear {unknown}
 o - a scroll of immolation
 t - a scroll of fog {unknown}
 v - a scroll of noise {unknown}
Potions
 d - a potion of cancellation
 j - 2 potions of lignification
 k - a potion of flight {unknown}
 p - 2 potions of attraction
 q - a potion of haste
 u - a potion of heal wounds {unknown}


   Skills:
 + Level 4.1 Fighting
 - Level 0.8 Staves
 * Level 6.2 Ranged Weapons
 - Level 0.4 Armour
 + Level 3.7 Dodging
 - Level 0.8 Stealth


You had 4 spell levels left.
You didn't know any spells.
Your spell library contained the following spells:

 Spells                   Type           Power      Damage    Failure   Level
 Scorch                   Fire           0%         2d5       58%         2
 Flame Wave               Conj/Fire      0%         2d4       99%         4
 Summon Cactus Giant      Summ           0%         N/A       100%        6


Dungeon Overview and Level Annotations

Branches:
Dungeon (5/15)
 Temple: D:4-7

Altars:
Vehumet

Annotations:
D:3 1 runed translucent door, Thatpatchoflichen's ghost, amateur KoHu


Innate Abilities, Weirdness & Mutations

You are a tree.
Your roots penetrate the ground, keeping you stationary.
You cannot be teleported.
You are immune to unholy pain and torment.
Your maximum health is greatly increased.
Your equipment is partially melded.
((You have a pair of horns on your head.))
((You reflexively headbutt those who attack you in melee.))


Message History

The water moccasin closely misses you. You furiously retaliate!
You headbutt the water moccasin! The iguana bites you!
The water moccasin bites you.
You shoot a bolt.
The bolt closely misses the water moccasin.
The water moccasin misses you. The iguana bites you!
The water moccasin bites you.
You are poisoned.
The water moccasin poisons you! The iguana bites you.
The water moccasin barely misses you.
As you read the scroll of teleportation, it crumbles to dust.
You feel strangely unstable.
You feel very sick. The water moccasin bites you.
You are lethally poisoned!
The water moccasin poisons you! The iguana bites you!
* * * LOW HITPOINT WARNING * * *
Really quaff the potion of lignification?
You turn into a tree.
Your +0 pair of boots melds into your body.
Your +2 robe of willpower melds into your body.
You feel less strong-willed.
Your roots penetrate the ground.
You feel strangely stable.
* * * LOW HITPOINT WARNING * * *
You feel very sick.
The water moccasin bites you but does no damage.
The iguana bites you.
* * * LOW HITPOINT WARNING * * *
You are now empty-handed.
* * * LOW HITPOINT WARNING * * *
You feel sick.
The water moccasin bites you but does no damage.
You barely miss the iguana.
* * * LOW HITPOINT WARNING * * *
You feel very sick.
The water moccasin bites you but does no damage.
The iguana bites you but does no damage.
You hit the water moccasin.
The water moccasin is heavily wounded.
You die...

#...#
#######...###.# .
...[...........
.. #####.)..# #
.. #...#....#....
.. #..##.<....#
#. #..##.##..##
+.(#+#..........#
#.S♣..........##
#.l..####....##
#...).. ......#
#............##
#.!..(....#.##
#......#.####
#.....####
##+##..


You could see a water moccasin and an iguana.

Vanquished Creatures
  A jelly (D:4)
  3 iguanas
  Ijyb (D:3)
  An orc wizard (D:3)
  An adder (D:3)
  4 dart slugs
  3 orcs
  5 ball pythons
  7 endoplasms
  4 giant cockroaches
  4 goblins
  4 hobgoblins
  2 jackals (D:2)
  3 quokkas
  A frilled lizard (D:1)
  8 kobolds
  6 rats
58 creatures vanquished.

Vanquished Creatures (others)
  2 withered plants (D:3)
2 creatures vanquished.

Grand Total: 60 creatures vanquished

Notes
Turn   | Place    | Note
-------+----------+-------------------------------------------
     0 | D:1      | cheesebisquit the Minotaur Hunter began the quest for the
                  | Orb.
     0 | D:1      | Reached XP level 1. HP: 18/18 MP: 0/0
   751 | D:1      | Reached XP level 2. HP: 25/25 MP: 1/1
  1054 | D:2      | Found a faded altar of an unknown god.
  1961 | D:3      | Reached XP level 3. HP: 31/31 MP: 2/2
  1964 | D:3      | Reached skill level 5 in Ranged Weapons
  1972 | D:3      | Identified the +10 quarterstaff "Tormentor" {drain, rC+
                  | Str+4 SInv Stlth+}
  2231 | D:3      | Found a radiant altar of Vehumet.
  2258 | D:3      | Reached XP level 4. HP: 22/38 MP: 3/3
  2467 | D:3      | Found a runed translucent door.
  2468 | D:3      | Noticed Thatpatchoflichen's ghost (amateur KoHu)
  2958 | D:4      | Noticed Ijyb
  3267 | D:3      | Killed Ijyb
  3268 | D:3      | Reached XP level 5. HP: 26/46 MP: 4/4
  3510 | D:4      | Reached skill level 6 in Ranged Weapons
  3680 | D:5      | Entered Level 5 of the Dungeon
  3699 | D:5      | Noticed a water moccasin
  3708 | D:5      | HP: 2/69 [poisoned by a water moccasin]
  3709 | D:5      | Succumbed to a water moccasin's poison

Illustrated notes

Levels and vault maps discovered:
D:1:      ebering_trefoil_3fold, layout_basic, chequers_serial_rivers_micro_c
D:2:      layout_basic, nicolae_ecumenical_pavilion
D:3:      layout_loops_ring, general_overflow_altar, gammafunk_ghost_grave,
          minmay_misc_feat_nine_boxes, glass_columns_b
D:4:      layout_rooms, uniq_ijyb
D:5:      layout_basic, nicolae_hepliaklqana_hippocampus, old_standard_altar,
          nicolae_figureground_sparkle, uniq_sigmund

Skill      XL: |  1  2  3  4  5 |
---------------+----------------+-----
Fighting       | 3 4 |  4.1
Ranged Weapons | 5 6 |  6.2
Dodging        | 3 |  3.7
Staves         | |  0.8
Armour         | |  0.4
Stealth        | |  0.8

Action                   |  1- 3 |  4- 6 || total
-------------------------+-------+-------++-------
Melee: Quarterstaff      |     8 |       ||     8
       Unarmed           |       |    13 ||    13
 Fire: Shortbow          |    70 |       ||    70
       Arbalest          |     9 |    57 ||    66
  Use: Potion            |     2 |     1 ||     3
       Scroll            |       |     6 ||     6
Armor: Leather armour    |     6 |       ||     6
       Robe              |     8 |     2 ||    10
       Skin              |       |     4 ||     4
Dodge: Dodged            |    27 |    29 ||    56
